 Dungeon Crawl Stone Soup version 0.28-a0-1080-g05a166d0ed (console) character file.

Game seed: 10197988049027040188

873 jejorda2 the Spear-Bearer (level 8, -3/64 HPs)
             Began as a Merfolk Berserker on Dec 9, 2021.
             Was a Priest of Trog.
             Succumbed to a gnoll's poison
             ... on level 3 of the Dungeon.
             The game lasted 00:10:52 (5051 turns).

jejorda2 the Spear-Bearer (Merfolk Berserker)       Turns: 5051, Time: 00:10:52

Health: -3/64      AC: 13    Str: 20      XL:     8   Next: 4%
Magic:  8/8        EV:  8    Int:  5 (6)  God:    Trog [***...]
Gold:   207        SH:  0    Dex: 13      Spells: 7/7 levels left

rFire   . . .      SeeInvis .   a - +1 glaive (protect)
rCold   . . .      Faith    .   (shield currently unavailable)
rNeg    . . .      Spirit   .   l - +0 chain mail
rPois   .          Reflect  .   h - +0 helmet
rElec   .          Harm     .   (no cloak)
rCorr   .          Rampage  .   p - +2 pair of gloves
Will    +++..                   (no boots)
Stlth   ..........              (no amulet)
HPRegen 1.20/turn               (no ring)
MPRegen 0.11/turn               (no ring)

@: brilliant, lethally poisoned (-3 -> -26), strong-willed, on berserk cooldown,
regenerating, slowed, very slow
A: (nimble swimmer 2), mertail, deterioration 1, strong-willed 1
a: Renounce Religion, Berserk, Trog's Hand


You were on level 3 of the Dungeon.
You worshipped Trog.
Trog was most pleased with you.
You visited 1 branch of the dungeon, and saw 5 of its levels.

You collected 242 gold pieces.
You spent 35 gold pieces at shops.

Inventory:

Hand Weapons
 a - a +1 glaive of protection (weapon)
 b - a +0 halberd
 i - a +0 spear
 m - a +0 short sword of electrocution
Missiles
 c - 96 stones (quivered)
 q - 5 poisoned darts
Armour
 h - a +0 helmet (worn)
 l - a +0 chain mail (worn)
 p - a +2 pair of gloves (worn)
Wands
 g - a wand of flame (45)
Scrolls
 f - a scroll of magic mapping
 n - 2 scrolls of teleportation
Potions
 d - a potion of flight
 j - a potion of mutation
 k - a potion of curing {unknown}
 r - a potion of attraction {unknown}


   Skills:
 + Level 5.8 Fighting
 * Level 10.0 Polearms
 + Level 3.5 Armour
 - Level 2.6 Dodging


You had 7 spell levels left.
You didn't know any spells.
Your spell library was empty.

Dungeon Overview and Level Annotations

Branches:
Dungeon (5/15)             Temple (0/1) D:4

Altars:
Trog
Uskayaw
Yredelemnul

Shops:
D:2 *

Annotations:
D:3 1 transporter, sirJeffrey23's ghost, amateur DsGl


Innate Abilities, Weirdness & Mutations

((You are quick and stealthy near water. (Stealth+, EV+, Speed+++)))
Your lower body shifts to a powerful aquatic tail in water.
Your body sometimes deteriorates upon taking damage.
You are strong-willed. (Will+)


Message History

The gnoll hits you but does no damage.
You are more poisoned.
SirJeffrey23's ghost hits you but does no damage.
The gnoll hits you but does no damage.
You are more poisoned.
Your skin crawls.
You feel strong-willed.
You feel extremely sick.
SirJeffrey23's ghost shrieks, "You will join me soon!"
SirJeffrey23's ghost barely misses you. The gnoll hits you but does no damage.
You are more poisoned.
SirJeffrey23's ghost hits you but does no damage.
Reach: a) +1 glaive (protect)
Press: ? - help, Dir - move target, f - gnoll
Aim: a gnoll, wielding a +1 spear of venom (about 37% to evade your +1 glaive of protection)
You reach to attack!
You hit the gnoll but do no damage.
Your weapon exudes an aura of protection.
* * * LOW HITPOINT WARNING * * *
You feel extremely sick. The gnoll barely misses you.
SirJeffrey23's ghost hits you.
* * * LOW HITPOINT WARNING * * *
The gnoll hits you but does no damage.
You are lethally poisoned!
Unknown command.
Okay, then.
It was a potion of mutation.
You feel extremely strange.
You feel strong-willed.
You feel yourself wasting away.
* * * LOW HITPOINT WARNING * * *
Your body deteriorates!
You feel dopey.
You feel extremely sick.
SirJeffrey23's ghost hits you but does no damage.
The gnoll hits you but does no damage.
You are more poisoned.
SirJeffrey23's ghost hits you but does no damage.
The gnoll barely misses you.
Unknown command.
Unknown command.
It was a potion of brilliance.
You feel clever all of a sudden.
You die...

#.≈≈≈≈≈≈≈≈≈≈≈...≈≈≈≈≈≈≈≈≈≈≈..#
#.≈≈≈≈≈≈≈≈≈≈≈...≈≈≈≈≈≈≈≈≈≈≈.##
#.≈≈#####...........#####≈≈.#
#.≈≈#.#.#.###.©.###.#.#.#≈≈.#
#.≈≈#...###g#####©###...#≈≈.#
#.≈≈###...............###≈≈.#
#.≈≈.8#.######g######.#8.≈≈.#
##.≈≈.##.#.gg#8..#.⌠.#.##.≈≈.##
#..≈≈.#..'..:#@©.....'..#.≈≈..#
#..≈≈.##.#...#8W.#.⌠.#.##.≈≈..#
#..≈≈.8#.######'######.#8.≈≈...
#..≈≈###..g............###≈≈.##
#..≈≈#...###.#####.###...#≈≈...
#..≈≈#.#g#.###.©.###.#.#.#≈≈.##
#..≈≈#####...........#####≈≈.#
#..≈≈≈≈≈≈≈≈≈≈≈≈≈≈≈≈≈≈≈≈≈≈≈≈≈.#
#..≈≈≈≈≈≈≈≈≈≈≈≈≈≈≈≈≈≈≈≈≈≈≈≈≈.##


You could see sirJeffrey23's ghost and a gnoll.

Vanquished Creatures
  An ice beast (D:5)
  An ogre (D:5)
  A scorpion (D:4)
  2 water moccasin zombies (D:5)
  2 hounds
  A bullfrog skeleton (D:4)
  A gnoll shaman (D:5)
  An orc priest (D:4)
  An orc wizard (D:3)
  Terence (D:2)
  2 hound skeletons (D:4)
  Robin (D:2)
  15 gnolls
  5 adders
  A white imp (D:5)
  2 worms (D:2)
  A dart slug (D:3)
  8 orcs
  7 endoplasms
  A giant cockroach (D:1)
  11 goblins
  9 hobgoblins
  3 jackals (D:1)
  5 quokkas
  7 ball pythons
  4 bats
  2 frilled lizards
  7 kobolds
  2 rats
105 creatures vanquished.

Vanquished Creatures (others)
  6 plants (D:3)
6 creatures vanquished.

Grand Total: 111 creatures vanquished

Notes
Turn   | Place    | Note
-------+----------+-------------------------------------------
     0 | D:1      | jejorda2 the Merfolk Berserker began the quest for the Orb.
     0 | D:1      | Reached XP level 1. HP: 18/18 MP: 1/1
   329 | D:1      | Reached XP level 2. HP: 23/24 MP: 2/2
   388 | D:1      | Reached skill level 5 in Polearms
   944 | D:2      | Noticed Robin
   950 | D:2      | Reached XP level 3. HP: 29/29 MP: 3/3
   954 | D:2      | Killed Robin
   965 | D:2      | Reached ** piety under Trog
  1049 | D:2      | Found Vohiodda's General Store.
  1071 | D:2      | Bought a scroll of magic mapping for 35 gold pieces
  1090 | D:2      | Reached XP level 4. HP: 37/37 MP: 4/4
  1117 | D:2      | Reached skill level 6 in Polearms
  1782 | D:2      | Noticed Terence
  1788 | D:2      | Killed Terence
  1789 | D:2      | Reached XP level 5. HP: 32/42 MP: 5/5
  2501 | D:3      | Found a bloodstained altar of Trog.
  2553 | D:3      | Reached skill level 7 in Polearms
  2601 | D:3      | Found a hide-covered altar of Uskayaw.
  2602 | D:3      | Found a basalt altar of Yredelemnul.
  2706 | D:3      | Found a faded altar of an unknown god.
  2808 | D:3      | Found a transporter.
  2809 | D:3      | Found a transporter.
  2814 | D:3      | Noticed sirJeffrey23's ghost (amateur DsGl)
  2815 | D:3      | Identified the +3 spear "Impbane" {vamp, Dex+9}
  2985 | D:4      | Reached XP level 6. HP: 49/49 MP: 6/6
  3336 | D:4      | Reached skill level 8 in Polearms
  3386 | D:4      | Reached *** piety under Trog
  3437 | D:4      | Found a staircase to the Ecumenical Temple.
  3695 | D:4      | Reached skill level 5 in Fighting
  3703 | D:4      | Reached XP level 7. HP: 48/56 MP: 7/7
  4031 | D:5      | Entered Level 5 of the Dungeon
  4494 | D:5      | Reached skill level 9 in Polearms
  4839 | D:5      | Reached XP level 8. HP: 53/64 MP: 8/8
  4851 | D:5      | Identified a scroll of acquirement
  4851 | D:5      | Acquired a +1 glaive of protection
  5046 | D:3      | Reached skill level 10 in Polearms
  5050 | D:3      | Gained mutation: You are strong-willed. (Will+) [potion of
                  | mutation]
  5050 | D:3      | Gained mutation: Your body sometimes deteriorates upon
                  | taking damage. [potion of mutation]
  5051 | D:3      | Succumbed to a gnoll's poison

Illustrated notes

Levels and vault maps discovered:
D:1:      dpeg_arrival_long_road, layout_loops_ring
D:2:      layout_basic, serial_shops, shop, uniq_robin, uniq_terence
D:3:      layout_basic, lemuel_coloured_pillars_altar,
          gammafunk_temple_overflow_statue, gammafunk_ghost_gnarly_gnolls,
          dreamdust_ecumenical_altar_statues
D:4:      layout_rooms, minmay_temple_entry_glassed_door
D:5:      layout_basic, minmay_holes, kennysheep_generic_room_2

Skill      XL: |  1  2  3  4  5  6  7  8 |
---------------+-------------------------+-----
Polearms       | 5 6 7 8 9 10 | 10.0
Armour         | 2 3 |  3.5
Fighting       | 4 5 |  5.8
Dodging        | |  2.6

Action                   |  1- 3 |  4- 6 |  7- 9 || total
-------------------------+-------+-------+-------++-------
Melee: Spear             |    89 |    70 |       ||   159
       Short sword       |       |   135 |   108 ||   243
       Tailslap          |       |       |     3 ||     3
       Glaive            |       |       |     7 ||     7
Throw: Stone             |    23 |     2 |       ||    25
Invok: Berserk           |     3 |     3 |     4 ||    10
       Trog's Hand       |       |     2 |     1 ||     3
  Use: Scroll            |       |     4 |     6 ||    10
       Potion            |       |       |     3 ||     3
 Stab: Sleeping          |     1 |     1 |       ||     2
Armor: Animal skin       |     4 |       |       ||     4
       Leather armour    |     4 |     1 |       ||     5
       Ring mail         |       |     6 |       ||     6
       Chain mail        |       |    80 |    93 ||   173
Dodge: Dodged            |    27 |    82 |    60 ||   169

Table legend: (Time is in decaauts)
 A = Elapsed time spent in this place.
 B = Non-inter-level travel time spent in this place.
 C = Inter-level travel time spent in this place.
 D = Time resting spent in this place.
 E = Time spent auto-exploring this place.
 F = Levels seen in this place.
 G = Mean time per level.
                   A        B        C        D        E       F      G
               +--------+--------+--------+--------+--------+-----+--------+
         Total |   5102 |   4885 |    217 |    304 |   3538 |   5 | 1020.4 |
       Dungeon |   5102 |   4885 |    217 |    304 |   3538 |   5 | 1020.4 |
               +--------+--------+--------+--------+--------+-----+--------+

Top non-repeatable levels by time:
     D:2: 1219 daAuts
     D:3: 1019 daAuts
     D:1: 979 daAuts
     D:5: 974 daAuts
     D:4: 909 daAuts
